 Dungeon Crawl Stone Soup version 0.19.5 (webtiles) character file.

597 RaHiT the Magician (level 7, -3/46 HPs)
             Began as a Mummy Conjurer on May 2, 2017.
             Was a Follower of Vehumet.
             Slain by an orc wizard
             ... wielding a +0 dagger
              (5 damage)
             ... on level 4 of the Dungeon.
             The game lasted 00:20:47 (4252 turns).

RaHiT the Magician (Mummy Conjurer)                 Turns: 4252, Time: 00:20:47

Health: -3/46      AC:  3    Str: 11    XL:     7   Next: 17%
Magic:  9/16       EV: 12    Int: 16    God:    Vehumet [*.....]
Gold:   165        SH:  0    Dex: 13    Spells: 4 memorised, 6 levels left

rFire  x . .     SeeInvis .     o - -1 dagger (curse)
rCold  + . .     Gourm    .     a - +0 robe
rNeg   + + +     Faith    .     (no shield)
rPois  ∞         Spirit   .     m - +0 helmet
rElec  .         Reflect  .     (no cloak)
rCorr  .         Harm     .     (no gloves)
MR     .....                    (no boots)
Stlth  ++........               f - amulet of magic regeneration
                                (no ring)
                                (no ring)

@: no status effects
A: no food or potions, fire vulnerability, cold resistance 1, negative energy
resistance 3, torment resistance, unbreathing
a: Renounce Religion


You were on level 4 of the Dungeon.
You worshipped Vehumet.
Vehumet was aware of your devotion.
You were not hungry.

You visited 1 branch of the dungeon, and saw 4 of its levels.

You collected 165 gold pieces.

Inventory:

Hand Weapons
 n - a +0 hunting sling
 o - a cursed -1 dagger (weapon)
Missiles
 d - 286 stones (quivered)
 g - 3 curare-tipped needles
 s - 21 sling bullets
Armour
 a - a +0 robe (worn)
 l - a +0 large shield
 m - a +0 helmet (worn)
Jewellery
 f - an amulet of magic regeneration (around neck)
Wands
 j - a wand of digging (3/24)
 k - a wand of polymorph (10/24)
Scrolls
 c - a scroll of noise
 e - a scroll of random uselessness {unknown}
 h - 4 scrolls of teleportation
 i - 2 scrolls of magic mapping {unknown}
 p - 2 scrolls of fear {unknown}
 q - 3 scrolls of remove curse
 r - a scroll of immolation {unknown}
Books
 b - a book of Conjurations

   Spells                             Type                      Level
   a - Magic Dart                     Conjuration                  1
   b - Searing Ray                    Conjuration                  2
   c - Dazzling Spray                 Conjuration/Hexes            3
   d - Fulminant Prism                Conjuration/Hexes            4
   e - Iskenderun's Mystic Blast      Conjuration                  4
   f - Iskenderun's Battlesphere      Conjuration/Charms           5


   Skills:
 - Level 0.2 Fighting
 - Level 1.5 Dodging
 - Level 1.5 Stealth
 - Level 0.7 Unarmed Combat
 - Level 6.0 Spellcasting
 * Level 4.8 Conjurations


You had 6 spell levels left.
You knew the following spells:

 Your Spells              Type           Power        Failure   Level  Hunger
a - Magic Dart            Conj           ###.         1%          1    N/A
b - Iskenderun's Mystic   Conj           ###.....     21%         4    N/A
c - Iskenderun's Battles  Conj/Chrm      ##......     98%         5    N/A
q - Searing Ray           Conj           ###...       3%          2    N/A

Dungeon Overview and Level Annotations

Branches:
Dungeon (4/15)
 Temple: D:4-7

Altars:
Gozag
Trog
Vehumet
Yredelemnul


Innate Abilities, Weirdness & Mutations

You do not eat or drink.
Your flesh is vulnerable to fire.
You are immune to poison.
Your flesh is cold resistant. (rC+)
You are immune to negative energy. (rN+++)
You are immune to unholy pain and torment.
You can survive without breathing.


Message History

You feel less confused.
The orc wizard points at you and mumbles some strange words.
The magic dart hits you! The orc hits you.
The orc wizard points at you and mumbles some strange words.
The puff of flame hits you! The fire burns you terribly!
* * * LOW HITPOINT WARNING * * *
Casting: Searing Ray
Confirm with . or Enter, or press ? or * to list all spells.
Aiming: Searing Ray
Press: ? - help, Shift-Dir - straight line, f/p - orc wizard
Aim: an orc wizard, wielding a dagger and wearing a robe (severely wounded)
The searing ray hits the orc.
The orc is heavily wounded. (Press . to maintain the ray.)
The searing ray hits the orc wizard.
The orc wizard is almost dead.
The searing ray misses the orc wizard.
The searing ray hits the orc.
The orc is heavily wounded.
The orc wizard hits you with a dagger.
You die...

#.#...# #...# #.#...
##...### ##.....
####......# ...#..###
#..........#
...#....###.##..>.#....
........##.##....#...#
#..............# ..#
#....o##.##.##... ..
##...o@..##.......
#..###........### #.)#
#.#####.## #... #.#
#.#.##.# #. .. .# ##
o#### o# ..


You could see an orc wizard and an orc.

Vanquished Creatures
  Sigmund (D:2)
  The ghost of letownia the Stinger, an amateur OpTm (D:4)
  An orc priest (D:3)
  2 orc wizards (D:3)
  Terence (D:1)
  Ijyb (D:2)
  Natasha (thrice) (D:3)
  A worker ant (D:3)
  Robin (D:2)
  An ooze (D:1)
  4 worms (D:2)
  A dart slug (D:1)
  A leopard gecko (D:2)
  10 orcs
  4 giant cockroaches
  24 goblins
  7 hobgoblins
  3 jackals (D:2)
  8 kobolds
  A quokka (D:2)
  11 bats
  7 frilled lizards
  15 rats
109 creatures vanquished.

Notes
Turn   | Place    | Note
-------+----------+-------------------------------------------
     0 | D:1      | RaHiT the Mummy Conjurer began the quest for the Orb.
     0 | D:1      | Reached XP level 1. HP: 13/13 MP: 3/3
   322 | D:1      | Reached XP level 2. HP: 8/19 MP: 0/5
   499 | D:1      | Learned a level 2 spell: Searing Ray
  1032 | D:1      | Reached skill level 3 in Spellcasting
  1374 | D:1      | Reached XP level 3. HP: 24/24 MP: 2/7
  1575 | D:2      | Noticed Robin
  1579 | D:2      | Noticed Terence
  1644 | D:1      | Killed Terence
  1644 | D:1      | Reached XP level 4. HP: 30/30 MP: 5/9
  1687 | D:2      | Killed Robin
  1687 | D:2      | Reached skill level 4 in Spellcasting
  1886 | D:2      | Noticed a moth of wrath
  1888 | D:2      | Found a bloodstained altar of Trog.
  2192 | D:2      | Noticed Sigmund
  2226 | D:2      | Killed Sigmund
  2226 | D:2      | Reached skill level 5 in Spellcasting
  2226 | D:2      | Reached XP level 5. HP: 3/35 MP: 3/13
  2314 | D:2      | Reached XP level 6. HP: 15/41 MP: 11/14
  2551 | D:2      | Noticed Ijyb
  2559 | D:2      | Killed Ijyb
  2770 | D:2      | Found a radiant altar of Vehumet.
  2771 | D:2      | Found an opulent altar of Gozag.
  2788 | D:2      | Became a worshipper of Vehumet
  2839 | D:2      | Found a bloodstained altar of Trog.
  2928 | D:2      | Learned a level 4 spell: Iskenderun's Mystic Blast
  2934 | D:2      | Learned a level 5 spell: Iskenderun's Battlesphere
  2975 | D:3      | Noticed Natasha
  2978 | D:3      | Killed Natasha
  2978 | D:3      | Reached skill level 6 in Spellcasting
  3101 | D:3      | Found a basalt altar of Yredelemnul.
  3342 | D:3      | Noticed Natasha
  3351 | D:3      | Killed Natasha
  3906 | D:3      | Noticed Natasha
  3912 | D:3      | Killed Natasha
  3912 | D:3      | Reached XP level 7. HP: 32/46 MP: 7/16
  4161 | D:4      | Noticed letownia's ghost (amateur OpTm)
  4173 | D:4      | Killed letownia's ghost
  4176 | D:4      | Reached * piety under Vehumet
  4176 | D:4      | Offered knowledge of Freeze by Vehumet.
  4249 | D:4      | HP: 2/46 [orc wizard/puff of flame (16)]
  4252 | D:4      | Slain by an orc wizard

Skill      XL: |  1  2  3  4  5  6 |
---------------+-------------------+-----
Spellcasting   | 3 5 6 |  6.0
Conjurations   | 4 |  4.8
Fighting       | |  0.2
Dodging        | |  1.5
Stealth        | |  1.5
Unarmed Combat | |  0.7

Action                   |  1- 3 |  4- 6 |  7- 9 || total
-------------------------+-------+-------+-------++-------
Melee: Unarmed           |     6 |       |       ||     6
       Dagger            |       |     3 |       ||     3
 Cast: Magic Dart        |    50 |    67 |     6 ||   123
       Searing Ray       |    10 |    34 |     7 ||    51
  Use: Scroll            |       |     3 |       ||     3
 Stab: Sleeping          |       |     1 |       ||     1
Armor: Robe              |     2 |     9 |     2 ||    13
Dodge: Dodged            |    14 |    39 |     9 ||    62
